Map: Backwater LE

Players

Pupiak

  • Race: Zerg Zerg
  • Spawn Location: 11:00

imbacile - Winner!

  • Race: Terran Terran
  • League: Platinum
  • Spawn Location: 5:00

VOD

Have the link to the VOD?

Description

Flexible gasless opener designed to have an early wall at natural and deny scouting and for defense.

Standard followup is an expansion and ghosts into double nuke and tank marine push.

Works really well in TvZ and TvP with minimal adjustments, somewhat weaker in TvT. Good choice vs. Random, since the deviations happen pretty late.

Time

  • Played on: March 18, 2018, 6:40 p.m.
  • Length: 6:51
Show
View Real Time Build Order
Export as new Build Order

Pupiak Zerg 

Build Orders: Pool First 

Get SALT Encoding   

  12  0:02  Drone  
  13  0:13  Overlord  
  13  0:23  Drone  
  14  0:31  Drone x2  
  14  0:35  Drone  
  17  0:48  Spawning Pool  
  16  0:53  Drone  
  17  1:01  Extractor  
  17  1:02  Drone  
  17  1:07  Drone  
  18  1:30  Hatchery  
  18  1:31  Drone  
  18  1:33  Drone  
  19  1:45  Zergling x2  
  20  1:56  Queen  
  22  2:08  Overlord  
  22  2:13  Metabolic Boost  
  22  2:33  Zergling x2  
  22  2:34  Zergling x4  
  24  2:46  Zergling x4  
  26  2:54  Lair  
  26  2:58  Drone  
  27  2:59  Zergling x2  
  28  3:18  Overlord x2  
  28  3:21  Extractor  
  28  3:22  Drone  
  28  3:25  Extractor, Drone  
  28  3:27  Overlord x2  
  27  3:44  Drone x3  
  30  4:01  Drone x2  
  32  4:08  Spire  
  32  4:10  Drone x3  
  34  4:21  Drone x3  
  37  4:32  Queen, Baneling Nest  
  37  4:36  Drone  
  38  4:46  Drone x4  
  42  4:59  Drone x3  
  45  5:00  Drone  
  45  5:05  Overlord  
  46  5:20  Overlord x2, Spine Crawler  
  45  5:25  Extractor  
  45  5:26  Drone  
  45  5:27  Drone  
  46  5:35  Baneling x6  
  46  5:42  Hatchery  
  45  5:49  Mutalisk  
  45  5:50  Mutalisk x3  
  57  6:10  Spine Crawler  
Show
View Real Time Build Order
Export as new Build Order

imbacile Terran - Winner!

Build Orders:  

Get SALT Encoding   

  12  0:01  SCV  
  13  0:13  SCV  
  14  0:21  Supply Depot  
  14  0:25  SCV  
  15  0:42  SCV  
  16  0:44  Barracks  
  16  0:50  Supply Depot  
  16  0:54  SCV  
  17  1:06  Barracks  
  17  1:07  SCV  
  18  1:19  SCV  
  19  1:31  Marine  
  19  1:32  Orbital Command  
  20  1:56  Marine  
  20  1:57  Marine  
  22  2:01  Command Center  
  22  2:04  SCV  
  22  2:07  Refinery  
  23  2:12  Refinery  
  23  2:16  SCV  
  24  2:34  SCV  
  24  2:36  Marine x2  
  27  2:39  Refinery  
  27  2:47  SCV  
  28  2:55  Ghost Academy  
  28  2:57  Marine x2  
  30  2:59  SCV  
  31  3:13  SCV  
  31  3:15  Orbital Command  
  31  3:17  Barracks Tech Lab x2  
  32  3:24  Supply Depot  
  32  3:26  SCV  
  33  3:28  Personal Cloaking  
  33  3:36  Marine  
  33  3:38  SCV  
  33  3:39  Ghost  
  37  3:46  SCV  
  38  3:50  SCV  
  38  3:54  Ghost  
  41  4:17  Factory  
  41  4:23  Marine  
  41  4:24  SCV x2  
  44  4:26  Ghost Academy  
  44  4:29  Supply Depot  
  44  4:32  Marine  
  44  4:36  SCV  
  44  4:37  SCV  
  47  4:41  Marine  
  48  4:47  Engineering Bay  
  48  4:48  SCV  
  48  4:50  Marine  
  50  5:01  Nuke x2  
  50  5:05  SCV x2  
  52  5:07  Supply Depot  
  52  5:11  Siege Tank  
  52  5:13  Marine  
  57  5:15  Refinery  
  57  5:16  Barracks Tech Lab  
  56  5:24  SCV x2  
  58  5:33  Marine  
  58  5:34  Command Center  
  59  5:36  SCV  
  59  5:37  SCV  
  61  5:48  Engineering Bay, SCV  
  62  5:50  Marine  
  62  5:51  Siege Tank  
  66  6:07  Marine  
  66  6:08  Marine  
  65  6:16  SCV x2  
  65  6:18  Bunker  
  67  6:21  Barracks  
  67  6:24  Starport  
  67  6:25  Marine  
  67  6:26  Marine  
Tags
 
League
Platinum
Matchup
TvZ
Opening
Pool First
Spawn Locations
Cross Positions
Add a new tag
Caveats
  • Supply blocks, unpowered buildings, or Contaminate may cause inaccurate times.
  • Supply counts are checked every 10 seconds.